AoeStats
← jude__88

Arabia

510058620Analyzed
1v1 RM · 4d ago on Sep 29, 2026· 23m 15s· 2 players
Game mode
Random Map
Map size
Tiny (2 player)
Population
200
Speed
Normal
Resources
Standard
Victory
Conquest
Starting age
Dark Age
Ending age
Imperial Age
RankedLock teamsTeams togetherTeam positionsShared explorationLock speedFull tech treeHidden civsTurbo modeCheats
Victory
Defeat
🇪🇸 Vietnamese · Spain
760
+15
🇫🇷 Bulgarians · France
729
-36
jude__88
11:38 Feudal Age
13:17 Wheelbarrow
12:33 Double-Bit Axe
15:36 Horse Collar
gonzribe
2:49 Loom
10:20 Feudal Age
10:49 Double-Bit Axe
16:12 Padded Archer Armor
18:38 Fletching
21:54 Horse Collar
24:59 Castle Age
Connection lost

Rejoining the realm…

Still unreachable

The connection could not be restored.

Session expired

The server has moved on; the page needs a fresh start.